 Dungeon Sprint DCSS version 0.29.1-15-g9cfb28693d (webtiles) character file.

Game seed: 8492144687655203782

637 Nonny the Basher (level 7, -4/53 HPs)
             Began as a Tengu Berserker on Feb 26, 2023.
             Was a Believer of Trog.
             Slain by Sonja
             ... wielding a +2 short sword of venom
              (5 damage)
             ... in the Dungeon (Sprint I: "Red Sonja").
             The game lasted 00:04:13 (318 turns).

Nonny the Basher (Tengu Berserker)                   Turns: 318, Time: 00:04:14

Health: -4/53      AC: 10    Str: 19    XL:     7   Next: 50%
Magic:  8/8        EV: 11    Int:  8    God:    Trog [**....]
Gold:   172        SH:  0    Dex: 13    Spells: 6/6 levels left

rFire   + . .      SeeInvis .   a - +0 mace
rCold   . . .      Faith    .   (no shield)
rNeg    . . .      Spirit   .   b - +2 chain mail of Noon {rF+ Slay+2}
rPois   .          Reflect  .   (helmet restricted)
rElec   .          Harm     .   (no cloak)
rCorr   .          Rampage  .   (no gloves)
Will    ++...      NoTele   +   (boots unavailable)
Stlth   ..........              (no amulet)
HPRegen 1.17/turn               (no ring)
MPRegen 0.11/turn               (no ring)

@: lethally poisoned (-4 -> -13), strong-willed, flying quickly and evasively,
regenerating, slowed, very slow
A: beak, talons 3, nimble flight
a: Renounce Religion, Berserk, Trog's Hand


You were in the Dungeon.
You worshipped Trog.
Trog was pleased with you.
You visited 1 branch You collected 324 gold pieces.
You spent 152 gold pieces at shops.

Inventory:

Hand Weapons
 a - a +0 mace (weapon)
Armour
 b - the +2 chain mail of Noon (worn) {rF+ Slay+2}
   (You bought it in a shop in the Dungeon)

   Slay:      It affects your accuracy & damage with ranged weapons and melee
   (+2).
   rF:        It protects you from fire.
 j - a +3 leather armour of cold resistance
Wands
 i - a wand of iceblast (7)
Scrolls
 h - a scroll of blinking
Potions
 e - a potion of haste
 f - 2 potions of magic
 g - a potion of berserk rage


   Skills:
 + Level 10.4 Fighting
 + Level 11.8 Maces & Flails
 + Level 2.1 Armour
 - Level 6.9 Dodging
 - Level 3.0 Stealth


You had 6 spell levels left.
You didn't know any spells.
Your spell library was empty.

Dungeon Overview and Level Annotations

Branches:
Dungeon (1/1)

Altars:
Cheibriados
Dithmenos
Elyvilon
Fedhas
Gozag
Hepliaklqana
Kikubaaqudgha
Makhleb
Nemelex Xobeh
Okawaru
Qazlal
Ru
Sif Muna
Trog
Uskayaw
Vehumet
Wu Jian
Xom
Yredelemnul
Zin
The Shining One
Jiyva
Lugonu

Shops:
D [

Annotations:
D Sonja


Innate Abilities, Weirdness & Mutations

You have a beak for a mouth.
You have claws for feet.
Your magical nature lets you fly swiftly and evasively.


Message History

You are poisoned.
Sonja barely misses you. Sonja hits you but does no damage.
You are lethally poisoned!
Sonja hits you with a +2 short sword of venom.
* * * LOW HITPOINT WARNING * * *
You are more poisoned.
Sonja misses you. Sonja hits you but does no damage.
You are more poisoned.
You feel much better.
You feel extremely sick.
Sonja casts a spell.
Sonja blinks!
Unknown command.
Aiming: Iceblast
Press: ? - help, Shift-Dir - straight line, f/p - Sonja
Aim: Sonja, wielding a +2 short sword of venom and quivering curare-tipped darts (moderately wounded)
The mass of ice explodes!
The iceblast engulfs Sonja!!
Sonja is almost dead.
You feel extremely sick.
Sonja hits you with a +2 short sword of venom.
Sonja hits you but does no damage.
You are lethally poisoned!
Sonja closely misses you.
Unknown command.
Unknown command.
You barely miss Sonja. Your kick misses Sonja.
Sonja is almost dead.
* * * LOW HITPOINT WARNING * * *
You feel extremely sick.
Sonja casts a spell.
Sonja blinks!
Sonja barely misses you. x2
Sonja hits you with a +2 short sword of venom.
* * * LOW HITPOINT WARNING * * *
You are more poisoned.
Your skin crawls.
You feel strong-willed.
* * * LOW HITPOINT WARNING * * *
You feel extremely sick.
Sonja hits you with a +2 short sword of venom.
You die...

#<[#..').#.)'..#__#
#..)..#..'..#..'..+
#..#####'#####'#__#
#..####..#...#.####
#..#__####..##[#
#..#_____##'#_.+~~~§
#⌠⌠#_.∩..†'..._#~§§.c#
####_..__##K.#'##+#
#_____###@#.# #######
#.### $.$ #$.$# ##.##
#+#


You could see Sonja.

Vanquished Creatures
  A slime creature (D)
  Sigmund (D)
  A yak (D)
  An ogre (D)
  A jelly (D)
  Ijyb (D)
6 creatures vanquished.

Notes
Turn   | Place    | Note
-------+----------+-------------------------------------------
     0 | D        | Nonny the Tengu Berserker began the quest for the Orb.
     0 | D        | Reached XP level 1. HP: 14/14 MP: 2/2
     1 | D        | Noticed Ijyb
     8 | D        | Killed Ijyb
     9 | D        | Reached skill level 4 in Maces & Flails
     9 | D        | Reached XP level 2. HP: 20/20 MP: 3/3
     9 | D        | Reached XP level 3. HP: 24/24 MP: 4/4
    53 | D        | Noticed an ogre
    57 | D        | Killed an ogre
    58 | D        | Reached skill level 7 in Maces & Flails
    58 | D        | Reached XP level 4. HP: 32/32 MP: 5/5
   105 | D        | Noticed Sigmund
   114 | D        | Killed Sigmund
   114 | D        | Reached ** piety under Trog
   115 | D        | Reached skill level 9 in Maces & Flails
   115 | D        | Reached skill level 5 in Dodging
   115 | D        | Gained mutation: Your magical nature lets you fly swiftly
                  | and evasively. [Tengu growth]
   115 | D        | Reached XP level 5. HP: 40/40 MP: 6/6
   115 | D        | Reached XP level 6. HP: 45/45 MP: 7/7
   199 | D        | Found a burning altar of Makhleb.
   199 | D        | Found a shimmering altar of Xom.
   199 | D        | Noticed a slime creature
   200 | D        | Found a viscous altar of Jiyva.
   200 | D        | Found a corrupted altar of Lugonu.
   208 | D        | Killed a slime creature
   209 | D        | Reached skill level 10 in Maces & Flails
   209 | D        | Reached XP level 7. HP: 51/51 MP: 8/8
   238 | D        | Found an ornate altar of the Wu Jian Council.
   238 | D        | Found a shimmering blue altar of Sif Muna.
   240 | D        | Found a radiant altar of Vehumet.
   246 | D        | Reached skill level 11 in Maces & Flails
   261 | D        | Found Epygu's Antique Armour Emporium.
   261 | D        | Found an ancient bone altar of Kikubaaqudgha.
   261 | D        | Found a hazy altar of Hepliaklqana.
   261 | D        | Found a stormy altar of Qazlal.
   261 | D        | Found a hide-covered altar of Uskayaw.
   261 | D        | Found a blossoming altar of Fedhas.
   261 | D        | Found a bloodstained altar of Trog.
   261 | D        | Found an iron altar of Okawaru.
   261 | D        | Found a basalt altar of Yredelemnul.
   261 | D        | Found a glowing golden altar of the Shining One.
   261 | D        | Found a snail-covered altar of Cheibriados.
   261 | D        | Found a sacrificial altar of Ru.
   261 | D        | Found a glowing silver altar of Zin.
   261 | D        | Found a shadowy altar of Dithmenos.
   261 | D        | Found a white marble altar of Elyvilon.
   261 | D        | Noticed a yak
   262 | D        | Found an opulent altar of Gozag.
   271 | D        | Killed a yak
   272 | D        | Reached skill level 10 in Fighting
   272 | D        | Found a sparkling altar of Nemelex Xobeh.
   276 | D        | Bought a warped chain mail for 152 gold pieces
   276 | D        | Identified the +2 chain mail of Noon {rF+ Slay+2} (You
                  | bought it in a shop in the Dungeon)
   299 | D        | Noticed a centaur warrior
   311 | D        | Noticed Sonja
   318 | D        | HP: 1/53 [poisoned by Sonja]
   318 | D        | Slain by Sonja

Illustrated notes

Levels and vault maps discovered:
D:        dungeon_sprint_1 [red_sonja_temple_1, red_sonja_temple_small_1]

Skill      XL: |  1  2  3  4  5  6  7 |
---------------+----------------------+-----
Fighting       | 4 6 8 9 10 | 10.4
Maces & Flails | 4 7 9 10 11 | 11.8
Dodging        | 3 4 5 6 |  6.9
Stealth        | 2 3 |  3.0
Armour         | |  2.1

Action                   |  1- 3 |  4- 6 |  7- 9 || total
-------------------------+-------+-------+-------++-------
Melee: Mace              |     8 |    11 |    11 ||    30
       Peck              |     3 |     2 |     2 ||     7
       Kick              |     1 |     3 |     5 ||     9
Invok: Berserk           |     2 |     2 |       ||     4
       Trog's Hand       |       |       |     1 ||     1
Evoke: Wand              |       |       |     2 ||     2
  Use: Potion            |       |       |     2 ||     2
 Stab: Sleeping          |       |     1 |     1 ||     2
Armor: Chain mail        |       |       |     4 ||     4
       Leather armour    |       |       |     1 ||     1
Dodge: Dodged            |     5 |     3 |    12 ||    20
